Ice Dragons vs Influenza
Created - April 13, 2020 at 19:04
Goals
|
Ice Dragons |
3 |
0 |
0 |
3 |
Influenza |
0 |
3 |
1 |
4 |
|
Shots
|
Ice Dragons |
14 |
9 |
4 |
27 |
Influenza |
10 |
18 |
6 |
34 |
|
1st period
1. Ice Dragons , Brian Boyle 41 (Jordan LaVallee 55) at 5:37
2. Ice Dragons , Brandon Kozun 27 (Jordan LaVallee 56, Brian Boyle 59) at 10:02
3. Ice Dragons , Brandon Kozun 28 (Jordan LaVallee 57, Brayden McNabb 62) at 18:20
Penalties :
Dmitry Sinitsyn (VJB) for Roughing (Minor) at 6:36, Nick Ritchie (VJB) for Hooking (Minor) at 13:32
2nd period
4. Influenza , Nick Ritchie 15 (Tom Kuhnhackl 8) at 9:01
5. Influenza , Dmitry Sinitsyn 3 (Lucas Lessio 24, Justin Bailey 22) at 11:08
6. Influenza , Kasperi Kapanen 11 (Luca Sbisa 27, Zac Dalpe 37) at 19:37
Penalties :
Andre Burakovsky (VJB) for Holding (Minor) at 11:24
3rd period
7. Influenza , Andre Burakovsky 55 (Bo Horvat 50) at 4:28 (PP)
Penalties :
Chris Wagner (Kin) for Hooking (Minor) at 1:28, Sam Carrick (Kin) for Roughing (Minor) at 4:24, Luca Sbisa (VJB) for High sticking (Minor) at 8:03, Nick Ritchie (VJB) for Hooking (Minor) at 12:17
Goalie Stats
Oscar Dansk (Kin), 30 saves from 34 shots - (0.882), L, 6-10-1, 59:00 minutes
Malcolm Subban (VJB), 24 saves from 27 shots - (0.889), W, 27-25-3, 60:00 minutes
Players Stats for Ice Dragons
Player Name G A P +/- PIM S H SB GA TA FO MP PP MP PK MP
------------------------------------------------------------------------------------
Adam Clendening 0 0 0 2 0 1 0 1 1 2 0/0 19:54 4:33 1:07
Billy Sweat 0 0 0 -1 0 2 3 0 0 0 0/0 19:00 4:50 0:00
Boone Jenner 0 0 0 -1 0 2 0 2 1 0 3/11 19:20 4:50 0:15
Brandon Kozun 2 0 2 3 0 5 0 2 0 1 0/0 20:02 5:00 0:00
Brayden McNabb 0 1 1 0 0 3 2 3 0 0 0/0 27:46 5:22 0:56
Brian Boyle 1 1 2 3 0 2 1 0 1 0 19/39 21:27 4:57 1:14
Chris Wagner 0 0 0 -2 2 0 0 0 0 1 0/1 13:03 0:05 0:00
Corban Knight 0 0 0 -2 0 0 1 0 1 2 4/5 12:52 0:00 0:27
Jerome Gauthier-Leduc 0 0 0 -2 0 0 0 2 0 0 0/0 12:20 0:00 0:00
Jordan LaVallee 0 3 3 3 0 5 1 0 3 0 0/2 25:32 5:00 1:11
Justin Shugg 0 0 0 -1 0 2 0 0 0 1 0/2 18:57 4:50 0:00
Kevin Connauton 0 0 0 0 0 1 3 1 0 0 0/0 27:46 5:22 0:56
Logan MacMillan 0 0 0 -2 0 2 2 0 1 0 0/0 13:17 0:05 0:00
Phil Di Giuseppe 0 0 0 0 0 0 1 0 0 0 0/0 2:10 0:08 0:00
Robin Norell 0 0 0 -2 0 0 0 0 0 2 0/0 12:20 0:00 0:00
Sam Carrick 0 0 0 0 2 0 0 0 0 1 1/4 7:02 0:00 0:40
William Carrier 0 0 0 0 0 0 0 0 0 0 0/0 5:13 0:00 0:19
Zach Trotman 0 0 0 2 0 2 1 1 0 1 0/0 19:54 4:33 1:07
Players Stats for Influenza
Player Name G A P +/- PIM S H SB GA TA FO MP PP MP PK MP
------------------------------------------------------------------------------------
Andre Burakovsky 1 0 1 -2 2 7 1 0 1 0 0/0 21:21 1:10 1:38
Bo Horvat 0 1 1 -2 0 3 1 0 1 0 19/34 17:24 1:10 0:00
Brandon Montour 0 0 0 1 0 1 0 0 0 0 0/0 13:26 0:00 0:45
Calvin de Haan 0 0 0 -2 0 2 2 0 1 1 0/0 27:50 0:53 5:38
Colton Sissons 0 0 0 0 0 0 0 0 0 1 11/15 16:08 0:00 3:05
Dmitry Sinitsyn 1 0 1 1 2 1 1 0 1 0 0/0 13:00 0:00 0:18
Iiro Pakarinen 0 0 0 -2 0 3 1 0 0 0 0/2 18:39 1:10 0:00
Jacob Josefson 0 0 0 1 0 0 1 0 0 0 1/3 7:01 0:00 0:17
Justin Bailey 0 1 1 0 0 1 0 0 0 0 0/0 13:59 0:53 0:00
Kasperi Kapanen 1 0 1 1 0 3 1 0 2 0 0/0 9:25 0:00 0:00
Luca Sbisa 0 1 1 1 2 3 0 0 0 0 0/0 21:04 0:53 3:14
Lucas Lessio 0 1 1 0 0 3 2 0 2 0 2/3 15:38 0:00 1:52
Nick Ritchie 1 0 1 1 4 2 2 0 0 0 0/0 6:55 0:00 0:00
Paul Ladue 0 0 0 -2 0 1 0 2 0 5 0/0 25:51 1:10 5:38
Ryan Dzingel 0 0 0 1 0 1 1 0 1 0 0/0 15:51 0:53 4:55
Tim Erixon 0 0 0 1 0 0 2 2 0 0 0/0 19:30 1:10 4:17
Tom Kuhnhackl 0 1 1 1 0 1 3 0 0 1 0/0 9:49 0:00 3:05
Zac Dalpe 0 1 1 1 0 2 3 0 2 0 4/7 17:09 0:53 4:58
3 Stars
1 - Brandon Kozun (Kin)
2 - Brian Boyle (Kin)
3 - Jordan LaVallee (Kin)
Power Play
Ice Dragons - 0 on 5 Attempt(s) - 0.00%
Influenza - 1 on 2 Attempt(s) - 50.00%
Penalty Kill
Ice Dragons - 1 on 2 Attempt(s) - 50.00%
- Score 0 goal in Penalty Kill
Influenza - 5 on 5 Attempt(s) - 100.00%
- Score 0 goal in Penalty Kill
Team Stat
Ice Dragons - Hits : 15 - Faceoff Wins : 27 - Blocked Shots : 12 - Penalty Minutes : 4
Influenza - Hits : 21 - Faceoff Wins : 37 - Blocked Shots : 4 - Penalty Minutes : 10
Official
Referees : Unknown
Linesman : Unknown
Game Notes
No Game Note
Finance
Level 1 -- Attendance: 1511 (75.55%) -- Ticket Income $60,440
Level 2 -- Attendance: 718 (71.80%) -- Ticket Income $14,360
Total Attendance: 2229 (74.30%)
Total Ticket Income: $74,800
Other Income: $3,740
Total Income: $78,540
Ice Dragons
5 vs 5 Forward
Center Left Wing Right Wing Time % Phy DF OF
1 Brian Boyle Jordan LaVallee Brandon Kozun 40 1 2 2
2 Boone Jenner Billy Sweat Justin Shugg 30 1 2 2
3 Corban Knight Logan MacMillan Chris Wagner 20 1 2 2
4 Sam Carrick William Carrier Jordan LaVallee 10 1 2 2
5 vs 5 Defense
Defense Defense Time % Phy DF OF
1 Brayden McNabb Kevin Connauton 40 1 2 2
2 Zach Trotman Adam Clendening 30 1 2 2
3 Jerome Gauthier-Leduc Robin Norell 20 1 2 2
4 Brayden McNabb Kevin Connauton 10 1 2 2
PowerPlay Forward
Center Left Wing Right Wing Time % Phy DF OF
1 Brian Boyle Jordan LaVallee Brandon Kozun 60 1 2 2
2 Boone Jenner Billy Sweat Justin Shugg 40 1 2 2
PowerPlay Defense
Defense Defense Time % Phy DF OF
1 Brayden McNabb Kevin Connauton 60 1 2 2
2 Zach Trotman Adam Clendening 40 1 2 2
Penalty Kill 4 Players Forward
Center Wing Time % Phy DF OF
1 Jordan LaVallee Brian Boyle 60 1 2 2
2 Boone Jenner Corban Knight 40 1 2 2
Penalty Kill 4 Players Defense
Defense Defense Time % Phy DF OF
1 Brayden McNabb Kevin Connauton 60 1 2 2
2 Zach Trotman Adam Clendening 40 1 2 2
Penalty Kill - 3 Players Forward
Forward Time % Phy DF OF
1 Jordan LaVallee 60 1 2 2
2 Brian Boyle 40 1 2 2
Penalty Kill - 3 Players Defense
Defense Defense Time % Phy DF OF
1 Brayden McNabb Kevin Connauton 60 1 2 2
2 Zach Trotman Adam Clendening 40 1 2 2
4 vs 4 Forward
Center Wing Time % Phy DF OF
1 Jordan LaVallee Brian Boyle 60 1 2 2
2 Boone Jenner Corban Knight 40 1 2 2
4 vs 4 Defense
Defense Defense Time % Phy DF OF
1 Brayden McNabb Kevin Connauton 60 1 2 2
2 Zach Trotman Adam Clendening 40 1 2 2
Last Minutes Offensive
Center Left Wing Right Wing Defense Defense
Brian Boyle Jordan LaVallee Brandon Kozun Brayden McNabb Kevin Connauton
Last Minutes Defensive
Center Left Wing Right Wing Defense Defense
Brian Boyle Jordan LaVallee Brandon Kozun Brayden McNabb Kevin Connauton
Goaltenders
Starting : Oscar Dansk
Backup : Harru Sateri
Extra Forwards
Normal : Phil Di Giuseppe, Logan MacMillan, Sam Carrick - PP : Phil Di Giuseppe, Logan MacMillan - PK : Sam Carrick
Extra Defensemen
Normal : Jerome Gauthier-Leduc, Robin Norell, Zach Trotman - PP : Jerome Gauthier-Leduc - PK : Robin Norell, Zach Trotman
Penalty Shots
Jordan LaVallee, Brian Boyle, Boone Jenner, Corban Knight, Billy Sweat
Scratches
Thomas Gobeil (Healthy), Theodor Blueger (Healthy), Alex Henriksson (Healthy), Emil Pettersson (Healthy), Cole Ully (Healthy)
Alex Plante (Healthy), Juho Lammikko (Healthy), Samuel Groulx (Right Ankle Injury)
Influenza
5 vs 5 Forward
Center Left Wing Right Wing Time % Phy DF OF
1 Bo Horvat Andre Burakovsky Iiro Pakarinen 40 1 2 2
2 Colton Sissons Lucas Lessio Justin Bailey 30 1 2 2
3 Zac Dalpe Ryan Dzingel Kasperi Kapanen 20 1 2 2
4 Jacob Josefson Nick Ritchie Tom Kuhnhackl 10 1 2 2
5 vs 5 Defense
Defense Defense Time % Phy DF OF
1 Calvin de Haan Paul Ladue 40 1 2 2
2 Luca Sbisa Tim Erixon 30 1 2 2
3 Dmitry Sinitsyn Brandon Montour 20 1 2 2
4 Calvin de Haan Luca Sbisa 10 1 2 2
PowerPlay Forward
Center Left Wing Right Wing Time % Phy DF OF
1 Bo Horvat Andre Burakovsky Iiro Pakarinen 60 1 2 2
2 Zac Dalpe Ryan Dzingel Justin Bailey 40 1 2 2
PowerPlay Defense
Defense Defense Time % Phy DF OF
1 Calvin de Haan Luca Sbisa 60 1 2 2
2 Paul Ladue Tim Erixon 40 1 2 2
Penalty Kill 4 Players Forward
Center Wing Time % Phy DF OF
1 Zac Dalpe Ryan Dzingel 60 1 2 2
2 Colton Sissons Tom Kuhnhackl 40 1 2 2
Penalty Kill 4 Players Defense
Defense Defense Time % Phy DF OF
1 Calvin de Haan Paul Ladue 60 1 2 2
2 Luca Sbisa Tim Erixon 40 1 2 2
Penalty Kill - 3 Players Forward
Forward Time % Phy DF OF
1 Zac Dalpe 60 1 2 2
2 Colton Sissons 40 1 2 2
Penalty Kill - 3 Players Defense
Defense Defense Time % Phy DF OF
1 Calvin de Haan Paul Ladue 60 1 2 2
2 Luca Sbisa Tim Erixon 40 1 2 2
4 vs 4 Forward
Center Wing Time % Phy DF OF
1 Bo Horvat Andre Burakovsky 60 1 2 2
2 Zac Dalpe Iiro Pakarinen 40 1 2 2
4 vs 4 Defense
Defense Defense Time % Phy DF OF
1 Calvin de Haan Paul Ladue 60 1 2 2
2 Luca Sbisa Tim Erixon 40 1 2 2
Last Minutes Offensive
Center Left Wing Right Wing Defense Defense
Bo Horvat Andre Burakovsky Iiro Pakarinen Calvin de Haan Paul Ladue
Last Minutes Defensive
Center Left Wing Right Wing Defense Defense
Zac Dalpe Andre Burakovsky Iiro Pakarinen Calvin de Haan Paul Ladue
Goaltenders
Starting : Malcolm Subban
Backup : Tyson Sexsmith
Extra Forwards
Normal : Lucas Lessio, Iiro Pakarinen, Andre Burakovsky - PP : Lucas Lessio, Colton Sissons - PK : Andre Burakovsky
Extra Defensemen
Normal : Luca Sbisa, Tim Erixon, Calvin de Haan - PP : Brandon Montour - PK : Paul Ladue, Brandon Montour
Penalty Shots
Andre Burakovsky, Bo Horvat, Zac Dalpe, Justin Bailey, Calvin de Haan
Scratches
Jordan Schroeder (Healthy), Shane Prince (Healthy), Jeff Corbett (Healthy), Henri Ikonen (Healthy), Johan Larsson (Healthy)
Mitchell Moroz (Healthy), Josh Andrerson (Healthy), Jesse Graham (Healthy), Roland McKeown (Healthy), Jake Walman (Healthy)
Conner Bleackley (Healthy), Brycen Martin (Healthy), Jaden Lindo (Healthy), Jamie Phillips (Healthy)
% Time on Ice - Ice Dragons
Lines # - Real PCT - Wanted PCT - Time Play
Normal Forward
1 - 31% - 40% - 14:19
2 - 34% - 30% - 15:55
3 - 26% - 20% - 12:10
4 - 9% - 10% - 4:26
Normal Defense
1 - 40% - 40% - 18:55
2 - 30% - 30% - 14:14
3 - 24% - 20% - 11:08
4 - 5% - 10% - 2:33
PP Forward
1 - 51% - 60% - 5:05
2 - 49% - 40% - 4:50
PP Defense
1 - 54% - 60% - 5:22
2 - 46% - 40% - 4:33
PK Forward
1 - 88% - 60% - 1:48
2 - 12% - 40% - 0:15
PK Defense
1 - 46% - 60% - 0:56
2 - 54% - 40% - 1:07
PK3 Forward
1 - 0% - 60%
2 - 0% - 40%
PK3 Defense
1 - 0% - 60%
2 - 0% - 40%
44 Forward
1 - 0% - 60%
2 - 0% - 40%
44 Defense
1 - 0% - 60%
2 - 0% - 40%
Last Minute Offensive - 1:12
Last Minute Defensive - 0:00
Total
Forward - 60:00
Defense - 60:00
|
% Time on Ice - Influenza
Lines # - Real PCT - Wanted PCT - Time Play
Normal Forward
1 - 37% - 40% - 17:32
2 - 28% - 30% - 13:06
3 - 20% - 20% - 9:25
4 - 14% - 10% - 6:44
Normal Defense
1 - 38% - 40% - 18:00
2 - 30% - 30% - 14:02
3 - 27% - 20% - 12:42
4 - 4% - 10% - 2:03
PP Forward
1 - 57% - 60% - 1:10
2 - 43% - 40% - 0:53
PP Defense
1 - 43% - 60% - 0:53
2 - 57% - 40% - 1:10
PK Forward
1 - 69% - 60% - 6:50
2 - 31% - 40% - 3:05
PK Defense
1 - 57% - 60% - 5:40
2 - 43% - 40% - 4:15
PK3 Forward
1 - 0% - 60%
2 - 0% - 40%
PK3 Defense
1 - 0% - 60%
2 - 0% - 40%
44 Forward
1 - 0% - 60%
2 - 0% - 40%
44 Defense
1 - 0% - 60%
2 - 0% - 40%
Last Minute Offensive - 0:00
Last Minute Defensive - 1:15
Total
Forward - 60:00
Defense - 60:00
|
Play-by-Play
1st period
0:01 of 1st period - Bo Horvat wins face-off versus Brian Boyle in neutral zone.
0:10 of 1st period - Snap shot by Iiro Pakarinen.
0:10 of 1st period - Stopped by Oscar Dansk with a rebound.
0:16 of 1st period - Snap shot by Kevin Connauton.
0:16 of 1st period - Deflect By Brandon Kozun.
0:16 of 1st period - Shot Misses the Net.
0:16 of 1st period - Puck is out of play.
0:17 of 1st period - Colton Sissons wins face-off versus Boone Jenner in Influenza zone.
0:42 of 1st period - Zach Trotman is hit by Ryan Dzingel and loses puck.
1:22 of 1st period - Brandon Montour is hit by Billy Sweat and loses puck.
2:07 of 1st period - Snap shot by Zac Dalpe.
2:07 of 1st period - Shot Misses the Net.
2:09 of 1st period - Slapshot by Luca Sbisa.
2:09 of 1st period - Stopped by Oscar Dansk without a rebound.
2:10 of 1st period - Bo Horvat wins face-off versus Justin Shugg in Ice Dragons zone.
2:13 of 1st period - Slapshot by Andre Burakovsky.
2:13 of 1st period - Stopped by Oscar Dansk without a rebound.
2:14 of 1st period - Bo Horvat wins face-off versus Justin Shugg in Ice Dragons zone.
2:23 of 1st period - Snap shot by Iiro Pakarinen.
2:23 of 1st period - Shot Blocked by Boone Jenner.
2:42 of 1st period - Snap shot by Lucas Lessio.
2:42 of 1st period - Stopped by Oscar Dansk without a rebound.
2:43 of 1st period - Colton Sissons wins face-off versus Brian Boyle in Ice Dragons zone.
2:56 of 1st period - Slapshot by Brian Boyle.
2:56 of 1st period - Deflect By Jordan LaVallee.
2:56 of 1st period - Shot Misses the Net.
2:56 of 1st period - Puck is out of play.
2:57 of 1st period - Sam Carrick wins face-off versus Bo Horvat in Influenza zone.
3:11 of 1st period - Snap shot by Jordan LaVallee.
3:11 of 1st period - Shot Misses the Net.
3:13 of 1st period - Slapshot by Brayden McNabb.
3:13 of 1st period - Stopped by Malcolm Subban with a rebound.
3:43 of 1st period - Luca Sbisa is hit by Brayden McNabb and loses puck.
5:18 of 1st period - Snap shot by Chris Wagner.
5:18 of 1st period - Shot Blocked by Tim Erixon.
5:29 of 1st period - Off-side.
5:30 of 1st period - Brian Boyle wins face-off versus Bo Horvat in neutral zone.
5:33 of 1st period - Snap shot by Jordan LaVallee.
5:33 of 1st period - Stopped by Malcolm Subban with a rebound.
5:35 of 1st period - Snap shot by Jordan LaVallee.
5:35 of 1st period - Shot Misses the Net.
5:37 of 1st period - Snap shot by Brian Boyle.
5:37 of 1st period - Goal by Brian Boyle - Ice Dragons : 1 - Influenza : 0.
5:38 of 1st period - Bo Horvat wins face-off versus Brian Boyle in neutral zone.
5:43 of 1st period - Wrist shot by Bo Horvat.
5:43 of 1st period - Deflect By Brian Boyle.
5:43 of 1st period - Shot Blocked by Zach Trotman.
5:43 of 1st period - Puck is out of play.
5:44 of 1st period - Bo Horvat wins face-off versus Brian Boyle in Ice Dragons zone.
5:51 of 1st period - Snap shot by Andre Burakovsky.
5:51 of 1st period - Deflect By Bo Horvat.
5:51 of 1st period - Shot Blocked by Brandon Kozun.
5:51 of 1st period - Puck is out of play.
5:52 of 1st period - Colton Sissons wins face-off versus Brian Boyle in Ice Dragons zone.
5:55 of 1st period - Backhand shot by Lucas Lessio.
5:55 of 1st period - Shot Blocked by Jerome Gauthier-Leduc.
6:36 of 1st period - Minor Penalty to Dmitry Sinitsyn for Roughing.
6:37 of 1st period - Brian Boyle wins face-off versus Zac Dalpe in Influenza zone.
7:13 of 1st period - Boone Jenner is hit by Tom Kuhnhackl and loses puck.
7:26 of 1st period - Slapshot by Brandon Kozun.
7:26 of 1st period - Stopped by Malcolm Subban with a rebound.
7:28 of 1st period - Slapshot by Jordan LaVallee.
7:28 of 1st period - Stopped by Malcolm Subban with a rebound.
8:36 of 1st period - Penalty to Dmitry Sinitsyn is over, Dmitry Sinitsyn is back on ice.
8:51 of 1st period - Snap shot by Lucas Lessio.
8:51 of 1st period - Stopped by Oscar Dansk without a rebound.
8:52 of 1st period - Lucas Lessio wins face-off versus Chris Wagner in Ice Dragons zone.
8:55 of 1st period - Snap shot by Lucas Lessio.
8:55 of 1st period - Deflect By Colton Sissons.
8:55 of 1st period - Shot Misses the Net.
8:55 of 1st period - Puck is out of play.
8:56 of 1st period - Colton Sissons wins face-off versus Sam Carrick in Ice Dragons zone.
9:09 of 1st period - Slapshot by Justin Bailey.
9:09 of 1st period - Stopped by Oscar Dansk with a rebound.
9:11 of 1st period - Slapshot by Dmitry Sinitsyn.
9:11 of 1st period - Shot Misses the Net.
9:30 of 1st period - Off-side.
9:31 of 1st period - Boone Jenner wins face-off versus Iiro Pakarinen in neutral zone.
9:56 of 1st period - Wrist shot by Billy Sweat.
9:56 of 1st period - Stopped by Malcolm Subban with a rebound.
9:58 of 1st period - Snap shot by Adam Clendening.
9:58 of 1st period - Stopped by Malcolm Subban without a rebound.
9:59 of 1st period - Brian Boyle wins face-off versus Colton Sissons in Influenza zone.
10:02 of 1st period - Snap shot by Brandon Kozun.
10:02 of 1st period - Goal by Brandon Kozun - Ice Dragons : 2 - Influenza : 0.
10:03 of 1st period - Brian Boyle wins face-off versus Bo Horvat in neutral zone.
10:14 of 1st period - Snap shot by Brian Boyle.
10:14 of 1st period - Stopped by Malcolm Subban with a rebound.
11:00 of 1st period - Snap shot by Logan MacMillan.
11:00 of 1st period - Stopped by Malcolm Subban without a rebound.
11:01 of 1st period - Brian Boyle wins face-off versus Bo Horvat in Influenza zone.
11:18 of 1st period - Iiro Pakarinen is hit by Brian Boyle and loses puck.
11:35 of 1st period - Slapshot by Zach Trotman.
11:35 of 1st period - Stopped by Malcolm Subban without a rebound.
11:36 of 1st period - Colton Sissons wins face-off versus Boone Jenner in Influenza zone.
12:07 of 1st period - Wrist shot by Andre Burakovsky.
12:07 of 1st period - Stopped by Oscar Dansk without a rebound.
12:08 of 1st period - Brian Boyle wins face-off versus Bo Horvat in Ice Dragons zone.
13:00 of 1st period - Logan MacMillan is hit by Tim Erixon and loses puck.
13:32 of 1st period - Minor Penalty to Nick Ritchie for Hooking.
13:33 of 1st period - Zac Dalpe wins face-off versus Brian Boyle in Influenza zone.
13:49 of 1st period - Snap shot by Brian Boyle.
13:49 of 1st period - Shot Misses the Net.
15:32 of 1st period - Penalty to Nick Ritchie is over, Nick Ritchie is back on ice.
15:43 of 1st period - Snap shot by Nick Ritchie.
15:43 of 1st period - Stopped by Oscar Dansk without a rebound.
15:44 of 1st period - Corban Knight wins face-off versus Jacob Josefson in Ice Dragons zone.
16:09 of 1st period - Jerome Gauthier-Leduc is hit by Lucas Lessio and loses puck.
16:36 of 1st period - Jordan LaVallee is hit by Iiro Pakarinen and loses puck.
17:14 of 1st period - Icing by Luca Sbisa.
17:15 of 1st period - Brian Boyle wins face-off versus Jacob Josefson in Influenza zone.
17:39 of 1st period - Backhand shot by Zach Trotman.
17:39 of 1st period - Shot Misses the Net.
17:57 of 1st period - Wrist shot by Tom Kuhnhackl.
17:57 of 1st period - Shot Misses the Net.
18:01 of 1st period - Snap shot by Iiro Pakarinen.
18:01 of 1st period - Shot Blocked by Brayden McNabb.
18:03 of 1st period - Snap shot by Iiro Pakarinen.
18:03 of 1st period - Shot Misses the Net.
18:05 of 1st period - Slapshot by Luca Sbisa.
18:05 of 1st period - Stopped by Oscar Dansk without a rebound.
18:06 of 1st period - Brian Boyle wins face-off versus Bo Horvat in Ice Dragons zone.
18:20 of 1st period - Snap shot by Brandon Kozun.
18:20 of 1st period - Goal by Brandon Kozun - Ice Dragons : 3 - Influenza : 0.
18:21 of 1st period - Brian Boyle wins face-off versus Bo Horvat in neutral zone.
18:28 of 1st period - Icing by Andre Burakovsky.
18:29 of 1st period - Brian Boyle wins face-off versus Bo Horvat in Influenza zone.
18:30 of 1st period - Wrist shot by Jordan LaVallee.
18:30 of 1st period - Stopped by Malcolm Subban without a rebound.
18:31 of 1st period - Brian Boyle wins face-off versus Bo Horvat in Influenza zone.
18:40 of 1st period - Wrist shot by Jordan LaVallee.
18:40 of 1st period - Stopped by Malcolm Subban with a rebound.
19:10 of 1st period - Wrist shot by Andre Burakovsky.
19:10 of 1st period - Stopped by Oscar Dansk without a rebound.
19:11 of 1st period - Colton Sissons wins face-off versus Boone Jenner in Ice Dragons zone.
19:53 of 1st period - Zach Trotman is hit by Calvin de Haan and loses puck.
Goals for this period are 3 for Ice Dragons vs 0 for Influenza.
Shots for this period are 14 for Ice Dragons vs 10 for Influenza.
2nd period
0:01 of 2nd period - Colton Sissons wins face-off versus Brian Boyle in neutral zone.
0:12 of 2nd period - Slapshot by Lucas Lessio.
0:12 of 2nd period - Shot Misses the Net.
0:28 of 2nd period - Wrist shot by Logan MacMillan.
0:28 of 2nd period - Stopped by Malcolm Subban with a rebound.
0:34 of 2nd period - Slapshot by Paul Ladue.
0:34 of 2nd period - Stopped by Oscar Dansk without a rebound.
0:35 of 2nd period - Bo Horvat wins face-off versus Brian Boyle in Ice Dragons zone.
1:02 of 2nd period - Boone Jenner is hit by Zac Dalpe and loses puck.
1:13 of 2nd period - Wrist shot by Zac Dalpe.
1:13 of 2nd period - Stopped by Oscar Dansk without a rebound.
1:14 of 2nd period - Colton Sissons wins face-off versus Brian Boyle in Ice Dragons zone.
1:46 of 2nd period - Snap shot by Logan MacMillan.
1:46 of 2nd period - Shot Misses the Net.
2:10 of 2nd period - Slapshot by Brayden McNabb.
2:10 of 2nd period - Stopped by Malcolm Subban without a rebound.
2:11 of 2nd period - Bo Horvat wins face-off versus Brian Boyle in Influenza zone.
2:11 of 2nd period - Bo Horvat is hit by Kevin Connauton.
2:16 of 2nd period - Calvin de Haan is hit by Kevin Connauton and loses puck.
2:42 of 2nd period - Backhand shot by Zac Dalpe.
2:42 of 2nd period - Stopped by Oscar Dansk with a rebound.
4:19 of 2nd period - Jordan LaVallee is hit by Zac Dalpe and loses puck.
4:56 of 2nd period - Tim Erixon is hit by Brayden McNabb and loses puck.
5:28 of 2nd period - Wrist shot by Ryan Dzingel.
5:28 of 2nd period - Stopped by Oscar Dansk without a rebound.
5:29 of 2nd period - Bo Horvat wins face-off versus Boone Jenner in Ice Dragons zone.
5:34 of 2nd period - Snap shot by Iiro Pakarinen.
5:34 of 2nd period - Stopped by Oscar Dansk with a rebound.
5:36 of 2nd period - Snap shot by Calvin de Haan.
5:36 of 2nd period - Stopped by Oscar Dansk without a rebound.
5:37 of 2nd period - Bo Horvat wins face-off versus Boone Jenner in Ice Dragons zone.
5:40 of 2nd period - Slapshot by Bo Horvat.
5:40 of 2nd period - Stopped by Oscar Dansk with a rebound.
5:42 of 2nd period - Snap shot by Bo Horvat.
5:42 of 2nd period - Stopped by Oscar Dansk with a rebound.
5:44 of 2nd period - Wrist shot by Calvin de Haan.
5:44 of 2nd period - Deflect By Andre Burakovsky.
5:44 of 2nd period - Shot Misses the Net.
5:44 of 2nd period - Puck is out of play.
5:45 of 2nd period - Bo Horvat wins face-off versus Brian Boyle in Ice Dragons zone.
5:54 of 2nd period - Slapshot by Brayden McNabb.
5:54 of 2nd period - Stopped by Malcolm Subban without a rebound.
5:55 of 2nd period - Bo Horvat wins face-off versus Brian Boyle in Influenza zone.
6:22 of 2nd period - Snap shot by Bo Horvat.
6:22 of 2nd period - Shot Misses the Net.
7:05 of 2nd period - Wrist shot by Andre Burakovsky.
7:05 of 2nd period - Stopped by Oscar Dansk without a rebound.
7:06 of 2nd period - Lucas Lessio wins face-off versus Boone Jenner in Ice Dragons zone.
7:07 of 2nd period - Snap shot by Colton Sissons.
7:07 of 2nd period - Deflect By Lucas Lessio.
7:07 of 2nd period - Shot Blocked by Adam Clendening.
7:07 of 2nd period - Puck is out of play.
7:08 of 2nd period - Boone Jenner wins face-off versus Colton Sissons in Ice Dragons zone.
7:23 of 2nd period - Slapshot by Colton Sissons.
7:23 of 2nd period - Shot Blocked by Boone Jenner.
7:33 of 2nd period - Zach Trotman is hit by Nick Ritchie and loses puck.
7:42 of 2nd period - Snap shot by Tom Kuhnhackl.
7:42 of 2nd period - Stopped by Oscar Dansk with a rebound.
7:44 of 2nd period - Slapshot by Luca Sbisa.
7:44 of 2nd period - Deflect By Nick Ritchie.
7:44 of 2nd period - Shot Misses the Net.
7:44 of 2nd period - Puck is out of play.
7:45 of 2nd period - Corban Knight wins face-off versus Colton Sissons in Ice Dragons zone.
7:49 of 2nd period - Off-side.
7:50 of 2nd period - Corban Knight wins face-off versus Colton Sissons in neutral zone.
9:01 of 2nd period - Snap shot by Nick Ritchie.
9:01 of 2nd period - Goal by Nick Ritchie - Ice Dragons : 3 - Influenza : 1.
9:02 of 2nd period - Bo Horvat wins face-off versus Brian Boyle in neutral zone.
10:00 of 2nd period - Justin Bailey is hit by Billy Sweat.
10:24 of 2nd period - Slapshot by Billy Sweat.
10:24 of 2nd period - Shot Misses the Net.
10:26 of 2nd period - Wrist shot by Boone Jenner.
10:26 of 2nd period - Shot Blocked by Tim Erixon.
10:28 of 2nd period - Snap shot by Boone Jenner.
10:28 of 2nd period - Stopped by Malcolm Subban with a rebound.
10:51 of 2nd period - Snap shot by Bo Horvat.
10:51 of 2nd period - Stopped by Oscar Dansk without a rebound.
10:52 of 2nd period - Corban Knight wins face-off versus Lucas Lessio in Ice Dragons zone.
11:06 of 2nd period - Snap shot by Lucas Lessio.
11:06 of 2nd period - Shot Misses the Net.
11:08 of 2nd period - Slapshot by Dmitry Sinitsyn.
11:08 of 2nd period - Goal by Dmitry Sinitsyn - Ice Dragons : 3 - Influenza : 2.
11:09 of 2nd period - Brian Boyle wins face-off versus Bo Horvat in neutral zone.
11:13 of 2nd period - Snap shot by Brian Boyle.
11:13 of 2nd period - Shot Misses the Net.
11:15 of 2nd period - Wrist shot by Jordan LaVallee.
11:15 of 2nd period - Shot Blocked by Paul Ladue.
11:17 of 2nd period - Snap shot by Brandon Kozun.
11:17 of 2nd period - Stopped by Malcolm Subban without a rebound.
11:18 of 2nd period - Brian Boyle wins face-off versus Bo Horvat in Influenza zone.
11:24 of 2nd period - Minor Penalty to Andre Burakovsky for Holding.
11:25 of 2nd period - Brian Boyle wins face-off versus Zac Dalpe in Influenza zone.
11:27 of 2nd period - Wrist shot by Brandon Kozun.
11:27 of 2nd period - Shot Blocked by Paul Ladue.
11:29 of 2nd period - Wrist shot by Kevin Connauton.
11:29 of 2nd period - Stopped by Malcolm Subban with a rebound.
11:37 of 2nd period - Snap shot by Jordan LaVallee.
11:37 of 2nd period - Stopped by Malcolm Subban without a rebound.
11:38 of 2nd period - Zac Dalpe wins face-off versus Brian Boyle in Influenza zone.
11:53 of 2nd period - Snap shot by Brandon Kozun.
11:53 of 2nd period - Stopped by Malcolm Subban with a rebound.
12:28 of 2nd period - Jordan LaVallee is hit by Tom Kuhnhackl and loses puck.
13:18 of 2nd period - Justin Shugg is hit by Calvin de Haan and loses puck.
13:24 of 2nd period - Penalty to Andre Burakovsky is over, Andre Burakovsky is back on ice.
13:36 of 2nd period - Brandon Montour is hit by Corban Knight and loses puck.
13:53 of 2nd period - Robin Norell is hit by Dmitry Sinitsyn.
14:17 of 2nd period - Snap shot by Andre Burakovsky.
14:17 of 2nd period - Shot Blocked by Jerome Gauthier-Leduc.
14:50 of 2nd period - Off-side.
14:51 of 2nd period - Bo Horvat wins face-off versus Boone Jenner in neutral zone.
15:01 of 2nd period - Wrist shot by Andre Burakovsky.
15:01 of 2nd period - Stopped by Oscar Dansk with a rebound.
15:13 of 2nd period - Nick Ritchie is hit by Logan MacMillan and loses puck.
16:28 of 2nd period - Icing by Zach Trotman.
16:29 of 2nd period - Bo Horvat wins face-off versus Corban Knight in Ice Dragons zone.
16:44 of 2nd period - Slapshot by Iiro Pakarinen.
16:44 of 2nd period - Stopped by Oscar Dansk without a rebound.
16:45 of 2nd period - Colton Sissons wins face-off versus Brian Boyle in Ice Dragons zone.
16:52 of 2nd period - Wrist shot by Lucas Lessio.
16:52 of 2nd period - Stopped by Oscar Dansk with a rebound.
17:43 of 2nd period - Wrist shot by Boone Jenner.
17:43 of 2nd period - Stopped by Malcolm Subban with a rebound.
17:55 of 2nd period - Logan MacMillan is hit by Nick Ritchie and loses puck.
18:15 of 2nd period - Off-side.
18:16 of 2nd period - Colton Sissons wins face-off versus Sam Carrick in neutral zone.
18:38 of 2nd period - Icing by Jerome Gauthier-Leduc.
18:39 of 2nd period - Boone Jenner wins face-off versus Bo Horvat in Ice Dragons zone.
19:15 of 2nd period - Snap shot by Lucas Lessio.
19:15 of 2nd period - Shot Misses the Net.
19:33 of 2nd period - Snap shot by Kasperi Kapanen.
19:33 of 2nd period - Stopped by Oscar Dansk with a rebound.
19:35 of 2nd period - Slapshot by Luca Sbisa.
19:35 of 2nd period - Shot Blocked by Kevin Connauton.
19:37 of 2nd period - Slapshot by Luca Sbisa.
19:37 of 2nd period - Deflect By Kasperi Kapanen.
19:37 of 2nd period - Goal by Kasperi Kapanen - Ice Dragons : 3 - Influenza : 3.
19:38 of 2nd period - Brian Boyle wins face-off versus Bo Horvat in neutral zone.
19:49 of 2nd period - Wrist shot by Jordan LaVallee.
19:49 of 2nd period - Shot Misses the Net.
Goals for this period are 0 for Ice Dragons vs 3 for Influenza.
Shots for this period are 9 for Ice Dragons vs 18 for Influenza.
3rd period
0:01 of 3rd period - Bo Horvat wins face-off versus Brian Boyle in neutral zone.
0:10 of 3rd period - Slapshot by Iiro Pakarinen.
0:10 of 3rd period - Shot Blocked by Brayden McNabb.
0:12 of 3rd period - Snap shot by Calvin de Haan.
0:12 of 3rd period - Stopped by Oscar Dansk without a rebound.
0:13 of 3rd period - Brian Boyle wins face-off versus Iiro Pakarinen in Ice Dragons zone.
0:13 of 3rd period - Brian Boyle is hit by Bo Horvat.
0:25 of 3rd period - Snap shot by Brandon Kozun.
0:25 of 3rd period - Shot Hit the Post.
0:27 of 3rd period - Slapshot by Zach Trotman.
0:27 of 3rd period - Stopped by Malcolm Subban without a rebound.
0:28 of 3rd period - Colton Sissons wins face-off versus Boone Jenner in Influenza zone.
1:21 of 3rd period - Snap shot by Zac Dalpe.
1:21 of 3rd period - Shot Misses the Net.
1:28 of 3rd period - Minor Penalty to Chris Wagner for Hooking.
1:29 of 3rd period - Bo Horvat wins face-off versus Jordan LaVallee in Ice Dragons zone.
1:29 of 3rd period - Slapshot by Calvin de Haan.
1:29 of 3rd period - Shot Misses the Net.
2:51 of 3rd period - Icing by Bo Horvat.
2:52 of 3rd period - Bo Horvat wins face-off versus Sam Carrick in Influenza zone.
2:52 of 3rd period - Bo Horvat is hit by Kevin Connauton.
3:28 of 3rd period - Penalty to Chris Wagner is over, Chris Wagner is back on ice.
4:12 of 3rd period - Snap shot by Brandon Montour.
4:12 of 3rd period - Stopped by Oscar Dansk with a rebound.
4:16 of 3rd period - Slapshot by Zac Dalpe.
4:16 of 3rd period - Shot Misses the Net.
4:18 of 3rd period - Snap shot by Zac Dalpe.
4:18 of 3rd period - Shot Hit the Post.
4:24 of 3rd period - Minor Penalty to Sam Carrick for Roughing.
4:25 of 3rd period - Bo Horvat wins face-off versus Jordan LaVallee in Ice Dragons zone.
4:28 of 3rd period - Wrist shot by Andre Burakovsky.
4:28 of 3rd period - Goal by Andre Burakovsky - Ice Dragons : 3 - Influenza : 4.
4:29 of 3rd period - Brian Boyle wins face-off versus Bo Horvat in neutral zone.
4:59 of 3rd period - Paul Ladue is hit by Billy Sweat.
7:07 of 3rd period - Snap shot by Boone Jenner.
7:07 of 3rd period - Deflect By Billy Sweat.
7:07 of 3rd period - Stopped by Malcolm Subban with a rebound.
7:09 of 3rd period - Snap shot by Justin Shugg.
7:09 of 3rd period - Stopped by Malcolm Subban with a rebound.
7:11 of 3rd period - Slapshot by Justin Shugg.
7:11 of 3rd period - Stopped by Malcolm Subban without a rebound.
7:12 of 3rd period - Brian Boyle wins face-off versus Bo Horvat in Influenza zone.
7:27 of 3rd period - Slapshot by Iiro Pakarinen.
7:27 of 3rd period - Shot Blocked by Brandon Kozun.
7:37 of 3rd period - Calvin de Haan is hit by Logan MacMillan and loses puck.
7:55 of 3rd period - Brayden McNabb is hit by Tim Erixon and loses puck.
8:03 of 3rd period - Minor Penalty to Luca Sbisa for High sticking.
8:04 of 3rd period - Zac Dalpe wins face-off versus Brian Boyle in Influenza zone.
8:23 of 3rd period - Calvin de Haan is hit by Zach Trotman and loses puck.
8:34 of 3rd period - Billy Sweat is hit by Zac Dalpe and loses puck.
9:49 of 3rd period - Boone Jenner is hit by Tom Kuhnhackl and loses puck.
10:03 of 3rd period - Penalty to Luca Sbisa is over, Luca Sbisa is back on ice.
10:29 of 3rd period - Kevin Connauton is hit by Andre Burakovsky and loses puck.
10:34 of 3rd period - Wrist shot by Andre Burakovsky.
10:34 of 3rd period - Stopped by Oscar Dansk with a rebound.
10:40 of 3rd period - Snap shot by Andre Burakovsky.
10:40 of 3rd period - Shot Blocked by Brayden McNabb.
10:42 of 3rd period - Wrist shot by Luca Sbisa.
10:42 of 3rd period - Stopped by Oscar Dansk with a rebound.
10:44 of 3rd period - Snap shot by Lucas Lessio.
10:44 of 3rd period - Deflect By Andre Burakovsky.
10:44 of 3rd period - Shot Misses the Net.
10:44 of 3rd period - Puck is out of play.
10:45 of 3rd period - Jacob Josefson wins face-off versus Brian Boyle in Ice Dragons zone.
11:00 of 3rd period - Snap shot by Jacob Josefson.
11:00 of 3rd period - Deflect By Nick Ritchie.
11:00 of 3rd period - Deflect By Brian Boyle.
11:00 of 3rd period - Shot Misses the Net.
11:00 of 3rd period - Puck is out of play.
11:01 of 3rd period - Brian Boyle wins face-off versus Zac Dalpe in Ice Dragons zone.
11:08 of 3rd period - Snap shot by Kasperi Kapanen.
11:08 of 3rd period - Shot Misses the Net.
11:10 of 3rd period - Slapshot by Luca Sbisa.
11:10 of 3rd period - Shot Misses the Net.
11:12 of 3rd period - Slapshot by Tim Erixon.
11:12 of 3rd period - Deflect By Kasperi Kapanen.
11:12 of 3rd period - Stopped by Oscar Dansk without a rebound.
11:13 of 3rd period - Bo Horvat wins face-off versus Brian Boyle in Ice Dragons zone.
11:43 of 3rd period - Zach Trotman is hit by Lucas Lessio and loses puck.
12:17 of 3rd period - Minor Penalty to Nick Ritchie for Hooking.
12:18 of 3rd period - Zac Dalpe wins face-off versus Brian Boyle in Influenza zone.
14:17 of 3rd period - Penalty to Nick Ritchie is over, Nick Ritchie is back on ice.
15:56 of 3rd period - Robin Norell is hit by Jacob Josefson and loses puck.
16:45 of 3rd period - Luca Sbisa is hit by Phil Di Giuseppe and loses puck.
18:28 of 3rd period - Logan MacMillan is hit by Kasperi Kapanen and loses puck.
18:57 of 3rd period - Iiro Pakarinen is hit by Jordan LaVallee and loses puck.
19:00 of 3rd period - Ice Dragons, Oscar Dansk is pulled from the net.
Goals for this period are 0 for Ice Dragons vs 1 for Influenza.
Shots for this period are 4 for Ice Dragons vs 6 for Influenza.
Back to the Top